 Dungeon Crawl Stone Soup version 0.28.0-45-g0d030f2227 (webtiles) character file.

Game seed: 5624880551656001497

411 dianekeaton the Cudgeller (level 6, -2/51 HPs)
             Began as a Hill Orc Fighter on Apr 4, 2022.
             Slain by a kobold brigand
             ... wielding a +0 short sword
              (4 damage)
             ... in a sewer.
             The game lasted 00:08:55 (3140 turns).

dianekeaton the Cudgeller (Hill Orc Fighter)        Turns: 3140, Time: 00:08:55

Health: -2/51      AC:  6    Str: 21    XL:     6   Next: 90%
Magic:  6/6        EV:  9    Int:  8    God:
Gold:   70         SH:  4    Dex: 10    Spells: 5/5 levels left

rFire   . . .      SeeInvis .   a - +0 flail
rCold   . . .      Faith    .   c - +0 buckler
rNeg    . . .      Spirit   .   b - +0 scale mail
rPois   .          Reflect  .   (no helmet)
rElec   .          Harm     .   (no cloak)
rCorr   .          Rampage  .   (no gloves)
Will    .....                   (no boots)
Stlth   ..........              (no amulet)
HPRegen 0.17/turn               (no ring)
MPRegen 0.10/turn               (no ring)

@: very slow
A: no striking features
a: no special abilities


You were in a sewer.
You visited 1 branch of the dungeon, and saw 3 of its levels.
You also visited: Sewer.

You collected 70 gold pieces.

Inventory:

Hand Weapons
 a - a +0 flail (weapon)
Missiles
 e - 51 stones
 f - 15 arrows
 j - 15 poisoned darts (quivered)
 k - a curare-tipped dart
Armour
 b - a +0 scale mail (worn)
 c - a +0 buckler (worn)
Scrolls
 d - 3 scrolls of identify {unknown}
 g - 2 scrolls of magic mapping {unknown}
 i - 2 scrolls of fog {unknown}
Potions
 h - a potion of mutation {unknown}


   Skills:
 - Level 3.6 Fighting
 + Level 7.7 Maces & Flails
 + Level 0.1 Throwing
 - Level 3.2 Armour
 - Level 0.3 Dodging
 - Level 3.2 Shields


You had 5 spell levels left.
You didn't know any spells.
Your spell library contained the following spells:

 Spells                   Type           Power      Damage    Failure   Level
 Magic Dart               Conj           0%         1d3       83%         1
 Searing Ray              Conj           0%         2d4       93%         2
 Fulminant Prism          Conj/Hex       0%         3d6       100%        4


Dungeon Overview and Level Annotations

Branches:
Dungeon (3/15)              Sewer (1/1)

Altars:
Uskayaw

Annotations:
D:2 Sigmund


Message History

You feel sick. You block the kobold brigand's attack.
You barely miss the kobold brigand.
The kobold brigand is almost dead.
You feel sick. You block the kobold brigand's attack.
Your unstable footing causes you to fumble your attack.
You feel sick.
The kobold brigand splashes around in the water.
Your unstable footing causes you to fumble your attack.
You feel sick.
The kobold brigand hits you with a +0 short sword.
* * * LOW HITPOINT WARNING * * *
Your unstable footing causes you to fumble your attack.
You feel sick.
You are no longer poisoned.
The kobold brigand closely misses you.
You closely miss the kobold brigand.
The kobold brigand is almost dead.
The kobold brigand splashes around in the water.
Your unstable footing causes you to fumble your attack.
The kobold brigand closely misses you.
You hit the kobold brigand but do no damage.
The kobold brigand is almost dead.
You block the kobold brigand's attack.
You closely miss the kobold brigand.
The kobold brigand is almost dead.
The kobold brigand hits you but does no damage.
You barely miss the kobold brigand.
The kobold brigand is almost dead.
The kobold brigand barely misses you.
Your unstable footing causes you to fumble your attack.
The kobold brigand hits you with a +0 short sword.
* * * LOW HITPOINT WARNING * * *
You hit the kobold brigand.
The kobold brigand is almost dead.
The kobold brigand hits you with a +0 short sword.
* * * LOW HITPOINT WARNING * * *
You closely miss the kobold brigand.
The kobold brigand is almost dead.
The kobold brigand hits you with a +0 short sword.
You die...

≈.≈.≈##.≈.. ≈≈.≈≈≈≈≈≈.
.......≈≈# ....≈..≈≈#
.∩...≈≈≈≈# .......≈≈#
.......≈≈## ######
..≈≈≈≈.≈≈.## #####≈≈≈(.#
≈...≈##.≈≈.####.@K.≈#
≈..≈####.≈.....≈###≈≈≈≈!#
≈≈..## #.≈...≈≈≈# #######
≈....####≈≈...≈.###≈≈≈≈.#
≈≈≈.≈..########.≈≈)≈#####
###...≈.# #####.≈≈≈.#
##..≈.# ####### ##≈≈.#
#≈≈≈#


You could see a kobold brigand.

Vanquished Creatures
  An ogre (D:2)
  3 kobold brigands (Sewer)
  4 adders (Sewer)
  A river rat (Sewer)
  4 worms
  2 dart slugs
  An orc (D:3)
  4 endoplasms
  8 giant cockroaches
  5 goblins
  2 hobgoblins (D:1)
  6 jackals
  5 quokkas
  6 ball pythons
  2 bats (D:1)
  4 kobolds
  3 rats
61 creatures vanquished.

Notes
Turn   | Place    | Note
-------+----------+-------------------------------------------
     0 | D:1      | dianekeaton the Hill Orc Fighter began the quest for the
                  | Orb.
     0 | D:1      | Reached XP level 1. HP: 19/19 MP: 1/1
   110 | D:1      | Reached XP level 2. HP: 24/26 MP: 2/2
   114 | D:1      | Reached skill level 3 in Maces & Flails
   532 | D:1      | Reached XP level 3. HP: 31/31 MP: 3/3
   871 | D:1      | Found a hide-covered altar of Uskayaw.
  1041 | D:2      | Reached skill level 4 in Maces & Flails
  1056 | D:2      | Noticed an ogre
  1066 | D:2      | Killed an ogre
  1067 | D:2      | Reached skill level 5 in Maces & Flails
  1067 | D:2      | Reached XP level 4. HP: 33/39 MP: 4/4
  1067 | D:2      | Reached XP level 5. HP: 38/45 MP: 5/5
  1283 | D:2      | Noticed Sigmund
  1666 | D:3      | Found a faded altar of an unknown god.
  1865 | D:3      | Found a glowing drain.
  1896 | Sewer    | Entered a sewer
  1917 | Sewer    | Noticed a kobold brigand
  1944 | Sewer    | HP: 2/45 [kobold brigand/+0 short sword (4)]
  1945 | Sewer    | Killed a kobold brigand
  1946 | Sewer    | Reached skill level 6 in Maces & Flails
  2264 | Sewer    | Reached XP level 6. HP: 35/51 MP: 6/6
  2690 | Sewer    | Reached skill level 7 in Maces & Flails
  3139 | Sewer    | HP: 2/51 [kobold brigand/+0 short sword (5)]
  3140 | Sewer    | Slain by a kobold brigand

Illustrated notes

Levels and vault maps discovered:
D:1:      dpeg_arrival_lava_altar, layout_rooms
D:2:      layout_rooms, serial_shops, shop, nicolae_shop_waterfront,
          nicolae_shop_hallway_plus, uniq_sigmund
D:3:      layout_loops_corners, mainiacjoe_overflow_swirl, gup_sewer_entry_pipe,
          basic_ecumenical_altar, minivault_25, uniq_ijyb, uniq_terence
Sewer:    sewer_co_tree

Skill      XL: |  1  2  3  4  5  6 |
---------------+-------------------+-----
Maces & Flails | 3 5 6 7 |  7.7
Fighting       | |  3.6
Throwing       | |  0.1
Armour         | |  3.2
Dodging        | |  0.3
Shields        | |  3.2

Action                   |  1- 3 |  4- 6 || total
-------------------------+-------+-------++-------
Melee: Flail             |    80 |   222 ||   302
Throw: Stone             |       |     8 ||     8
       Dart              |       |     1 ||     1
  Use: Potion            |     1 |       ||     1
Armor: Scale mail        |    38 |    61 ||    99
Dodge: Dodged            |    63 |    87 ||   150
Block: Buckler           |    19 |    40 ||    59
